 Dungeon Crawl Stone Soup version 0.22.1-2-g9c5b331 (webtiles) character file.

921 Anon1729 the Chopper (level 8, -4/71 HPs)
             Began as a Hill Orc Monk on Nov 15, 2018.
             Was a Believer of Beogh.
             Slain by a river rat (5 damage)
             ... in a sewer.
             The game lasted 00:09:15 (5581 turns).

Anon1729 the Chopper (Hill Orc Monk)                Turns: 5581, Time: 00:09:16

Health: -4/71      AC:  4    Str: 16    XL:     8   Next: 10%
Magic:  10/10      EV: 13    Int: 10    God:    Beogh [**....]
Gold:   249        SH:  0    Dex: 13    Spells: 7/7 levels left

rFire    . . .     SeeInvis .   a - +0 hand axe
rCold    . . .     Gourm    .   (no shield)
rNeg     . . .     Faith    .   b - +0 robe
rPois    .         Spirit   .   u - +0 helmet
rElec    .         Reflect  .   i - +0 cloak
rCorr    .         Harm     .   (no gloves)
MR       .....                  (no boots)
Stlth    ++........             (no amulet)
HPRegen  0.21/turn              l - ring of flight
MPRegen  0.12/turn              (no ring)

@: no status effects
A: no striking features
a: Smiting, Renounce Religion, Evoke Flight


You were in a sewer.
You worshipped Beogh.
Beogh was pleased with you.
You were not hungry.

You visited 1 branch of the dungeon, and saw 5 of its levels.
You also visited: Sewer.

You collected 249 gold pieces.

Inventory:

Hand Weapons
 a - a +0 hand axe (weapon)
Armour
 b - a +0 robe (worn)
 i - a +0 cloak (worn)
 u - a +0 helmet (worn)
Jewellery
 l - a ring of flight (left hand)
 w - a cursed ring of attention {unknown}
Wands
 r - a wand of random effects (14)
Scrolls
 e - 4 scrolls of remove curse {unknown}
 f - a scroll of enchant weapon {unknown}
 h - 3 scrolls of blinking {unknown}
 j - 5 scrolls of teleportation {unknown}
 m - 5 scrolls of identify {unknown}
 n - a scroll of magic mapping {unknown}
 o - a scroll of noise {unknown}
 p - a scroll of amnesia {unknown}
Potions
 d - a potion of cancellation {unknown}
 k - a potion of degeneration {unknown}
 s - a potion of berserk rage {unknown}
 t - a potion of ambrosia {unknown}
 x - a potion of heal wounds {unknown}
Comestibles
 c - 9 rations
 q - 2 chunks of flesh


   Skills:
 + Level 6.8 Fighting
 + Level 7.5 Axes
 + Level 5.1 Armour
 - Level 2.4 Dodging
 - Level 1.5 Stealth
 + Level 2.7 Evocations


You had 7 spell levels left.
You didn't know any spells.
Your spell library contained the following spells:

 Spells                   Type           Power        Failure   Level  Hunger
 Magic Dart               Conj           #...         36%         1    ##.....
 Blink                    Tloc           N/A          50%         2    ###....
 Call Imp                 Summ           #.......     50%         2    ###....
 Slow                     Hex            #.......     50%         2    ###....
 Conjure Flame            Conj/Fire      #.......     75%         3    ####...
 Mephitic Cloud           Conj/Pois/Air  #.......     75%         3    ####...


Dungeon Overview and Level Annotations

Branches:
Dungeon (5/15)
 Temple: D:4-7

Altars:
Ashenzari
Makhleb


Message History

Beogh accepts your kill. The river rat bites you.
* * * LOW HITPOINT WARNING * * *
The river rat closely misses you.
You completely miss the river rat.
The river rat is heavily wounded.
You hit the rat.
You kill the rat!
Beogh accepts your kill.
You hit the river rat but do no damage. The river rat bites you.
* * * LOW HITPOINT WARNING * * *
The river rat bites you!
* * * LOW HITPOINT WARNING * * *
Unknown command.
Unknown command.
You closely miss the river rat.
The river rat is heavily wounded.
You hit the river rat but do no damage. The river rat closely misses you.
The river rat bites you.
You die...

##...# ##...##
####################....#
##..≈≈≈≈≈≈≈≈≈≈≈≈≈≈≈#.....#
....≈≈≈≈≈≈≈≈≈≈≈≈≈≈≈.....##
....≈≈≈≈≈≈≈≈≈≈≈≈≈≈≈.....#
....≈≈≈≈≈≈≈≈#≈≈≈≈≈≈.....#
...r≈≈≈≈≈≈≈†r≈≈≈#≈≈....##
....r≈≈≈≈≈≈r@≈≈≈≈≈≈#.###
..#################### .


You could see 2 river rats.

Vanquished Creatures
  Sigmund (D:2)
  2 ogres (D:4)
  A scorpion (D:4)
  A jelly (D:5)
  A hound (D:4)
  2 orc wizards
  2 bullfrog skeletons (D:5)
  A centaur skeleton (D:4)
  2 iguanas
  Natasha (thrice) (D:3)
  A worker ant (D:4)
  3 gnolls (D:3)
  6 adders
  3 river rats (Sewer)
  An adder zombie (D:4)
  3 dart slugs
  7 orcs
  2 ball pythons (Sewer)
  8 bats
  9 goblins
  9 hobgoblins
  6 jackals
  4 quokkas
  5 frilled lizards
  10 kobolds
  12 rats
105 creatures vanquished.

Vanquished Creatures (others)
  A crimson imp (D:5)
  A hound (D:5)
  3 orcs (D:5)
  A giant cockroach (D:5)
  2 jackals (D:5)
8 creatures vanquished.

Grand Total: 113 creatures vanquished

Notes
Turn   | Place    | Note
-------+----------+-------------------------------------------
     0 | D:1      | Anon1729 the Hill Orc Monk began the quest for the Orb.
     0 | D:1      | Reached XP level 1. HP: 19/19 MP: 1/1
   378 | D:1      | Reached XP level 2. HP: 10/27 MP: 2/2
   755 | D:2      | Reached skill level 1 in Armour
  1051 | D:2      | Noticed Sigmund
  1071 | D:2      | Reached XP level 3. HP: 33/33 MP: 3/3
  1594 | D:2      | Killed Sigmund
  1594 | D:2      | Reached skill level 5 in Fighting
  1594 | D:2      | Reached skill level 5 in Axes
  1594 | D:2      | Reached XP level 4. HP: 34/42 MP: 4/4
  1594 | D:2      | Reached XP level 5. HP: 39/48 MP: 5/5
  2285 | D:3      | Found a shattered altar of Ashenzari.
  2299 | D:3      | Reached XP level 6. HP: 54/56 MP: 6/6
  2398 | D:3      | Noticed Natasha
  2414 | D:3      | Killed Natasha
  2414 | D:3      | Reached skill level 6 in Axes
  2752 | D:3      | Noticed Natasha
  2899 | D:3      | Killed Natasha
  3041 | D:3      | Found a burning altar of Makhleb.
  3041 | D:3      | Noticed a cacodemon
  3044 | D:3      | Noticed a neqoxec
  3044 | D:3      | Noticed a smoke demon
  3207 | D:3      | Noticed Natasha
  3213 | D:3      | Killed Natasha
  3690 | D:4      | Reached XP level 7. HP: 57/63 MP: 7/7
  3734 | D:4      | Reached skill level 1 in Evocations
  4226 | D:4      | Reached skill level 7 in Axes
  4797 | D:5      | Entered Level 5 of the Dungeon
  4799 | D:5      | Became a worshipper of Beogh the Brigand
  4799 | D:5      | Reached * piety under Beogh
  4799 | D:5      | Reached ** piety under Beogh
  5107 | D:5      | Reached XP level 8. HP: 13/71 MP: 9/9
  5115 | D:5      | Reached skill level 5 in Armour
  5178 | D:5      | Found a glowing drain.
  5203 | Sewer    | Entered a sewer
  5580 | Sewer    | HP: 1/71 [river rat (9)]
  5581 | Sewer    | Slain by a river rat

Skill      XL: |  1  2  3  4  5  6  7  8 |
---------------+-------------------------+-----
Fighting       | 4 5 6 |  6.8
Armour         | 1 3 4 5 |  5.1
Axes           | 5 6 7 |  7.5
Evocations     | 2 |  2.7
Dodging        | |  2.4
Stealth        | |  1.5

Action                   |  1- 3 |  4- 6 |  7- 9 || total
-------------------------+-------+-------+-------++-------
Melee: Hand axe          |   117 |   174 |   158 ||   449
Invok: Smiting           |       |       |     1 ||     1
       Convert to Beogh  |       |       |     1 ||     1
Evoke: Wand              |       |       |    10 ||    10
  Use: Potion            |     2 |       |     3 ||     5
 Stab: Sleeping          |     4 |     1 |       ||     5
       Distracted        |       |     1 |       ||     1
  Eat: Chunk             |     2 |     7 |     6 ||    15
Armor: Robe              |    13 |    22 |    36 ||    71
       Skin              |     7 |       |    24 ||    31
Dodge: Dodged            |    69 |   121 |   138 ||   328
